[Event "Titled Tuesday Blitz August 1 Early 2023"]
[White "Rangel, Daniel"]
[Black "Dvirnyy, Danyyil"]
[WhiteFideId "2124475"]
[BlackFideId "817570"]
[WhiteElo "2437"]
[BlackElo "2779"]
[Result "0-1"]
[Round "1"]
[TimeControl "180+1"]
[Date "2023.08.01"]
[WhiteClock "0:00:09"]
[BlackClock "0:01:02"]
[Board "67"]

1. c4 e5 2. g3 d5 3. Bg2 d4 4. Nf3 Nc6 5. O-O a5 6. e3 Be7 7. exd4 exd4 8. d3 Nf6 9. Bf4 O-O 10. Ne5 Nxe5 11. Bxe5 Bg4 12. f3 Bf5 13. g4 Be6 14. Nd2 Nd7 15. Bg3 Nc5 16. Ne4 Nxe4 17. fxe4 a4 18. h3 c6 19. Qd2 Ra5 20. Rf2 h5 21. Bf3 hxg4 22. Bxg4 Bxg4 23. hxg4 Rg5 24. Qf4 Qd7 25. Kh2 Rxg4 26. Qf5 Qe6 27. Qxe6 fxe6 28. Rxf8+ Kxf8 29. b3 a3 30. Be5 Bf6 31. Bd6+ Kf7 32. Bxa3 Be5+ 33. Kh1 Rg3 34. Rd1 Rh3+ 35. Kg2 Rh2+ 36. Kf3 Rxa2 37. Bc5 Rb2 38. b4 g5 39. Kg4 Kg6 40. Kf3 Rh2 41. Ra1 Kh5 42. Ra7 g4# 0-1


[Site "https://www.chess.com"]

[Event "Titled Tuesday Blitz August 1 Early 2023"]
[White "Lamaze, Simon"]
[Black "Kazakov, Mikhail"]
[WhiteFideId "36069264"]
[BlackFideId "14102749"]
[WhiteElo "2779"]
[BlackElo "2435"]
[Result "0-1"]
[Round "1"]
[TimeControl "180+1"]
[Date "2023.08.01"]
[WhiteClock "0:00:00"]
[BlackClock "0:00:08"]
[Board "68"]

1. c4 d6 2. Nf3 c6 3. d4 Nf6 4. Nc3 g6 5. g3 Bg7 6. Bg2 O-O 7. O-O Nbd7 8. e4 e5 9. h3 a6 10. Re1 Re8 11. a4 a5 12. Kh2 exd4 13. Nxd4 Qb6 14. f4 Nc5 15. Nc2 Qc7 16. Ra3 h5 17. Bd2 Be6 18. b3 Rad8 19. Nd4 Bc8 20. Nc2 h4 21. g4 Nd3 22. Re3 Nxf4 23. Kh1 Nxg2 24. Kxg2 d5 25. cxd5 cxd5 26. exd5 Rxe3 27. Nxe3 Qg3+ 28. Kf1 Qxh3+ 29. Ke2 Nxg4 30. Qf1 Qh2+ 31. Kd3 Nxe3 32. Bxe3 Bf5+ 33. Kc4 Rc8+ 34. Kb5 Bxc3 35. Kb6 Qd6+ 36. Kxb7 Qd7+ 0-1


[Site "https://www.chess.com"]

[Event "Titled Tuesday Blitz August 1 Early 2023"]
[White "Fernandez Garcia, Gumersindo"]
[Black "Krzyzanowski, Marcin"]
[WhiteFideId "24516740"]
[BlackFideId "1132199"]
[WhiteElo "2433"]
[BlackElo "2777"]
[Result "0-1"]
[Round "1"]
[TimeControl "180+1"]
[Date "2023.08.01"]
[WhiteClock "0:00:41"]
[BlackClock "0:00:10"]
[Board "69"]

1. d4 Nf6 2. c4 d6 3. Nf3 g6 4. Nc3 Bf5 5. Bg5 Bg7 6. e3 O-O 7. Be2 c5 8. O-O Nc6 9. h3 cxd4 10. Nxd4 Nxd4 11. exd4 Ne4 12. Nxe4 Bxe4 13. Rc1 h6 14. Bh4 Re8 15. Re1 Qb6 16. Bf3 Bxf3 17. Qxf3 g5 18. Bg3 Qxd4 19. b3 Qb6 20. Re2 e5 21. Rd1 Rad8 22. Rd5 Re6 23. h4 Rde8 24. Re4 Qd8 25. Qh5 Qf6 26. Rg4 Qg6 27. Qxg6 Rxg6 28. hxg5 hxg5 29. c5 f5 30. Ra4 f4 31. Bh2 dxc5 32. Rxa7 b6 33. f3 e4 34. fxe4 Rxe4 35. Kf1 Kh7 36. Bg1 Kh6 37. Bf2 Rge6 38. Rdd7 Bf6 39. Rab7 g4 40. g3 f3 41. Rh7+ Kg6 42. Rhd7 Bd4 43. Bxd4 Re1+ 44. Kf2 R6e2# 0-1


[Site "https://www.chess.com"]

[Event "Titled Tuesday Blitz August 1 Early 2023"]
[White "Remizov, Yaroslav"]
[Black "Herman, Daniel"]
[WhiteFideId "34134015"]
[BlackFideId "30935008"]
[WhiteElo "2771"]
[BlackElo "2432"]
[Result "1-0"]
[Round "1"]
[TimeControl "180+1"]
[Date "2023.08.01"]
[WhiteClock "0:01:17"]
[BlackClock "0:00:03"]
[Board "70"]

1. e4 g6 2. d4 Bg7 3. Nc3 d6 4. Nf3 Nf6 5. Be3 c6 6. Qd2 b5 7. Bd3 b4 8. Ne2 d5 9. e5 Ne4 10. Qxb4 O-O 11. Ng3 a5 12. Qa3 Nxg3 13. hxg3 Ba6 14. Bxa6 Nxa6 15. Qd3 Nb4 16. Qd2 c5 17. c3 Nc6 18. Bh6 Bh8 19. Bxf8 Qxf8 20. Qh6 Qxh6 21. Rxh6 cxd4 22. cxd4 Nb4 23. Kd2 Bg7 24. Rhh1 h5 25. a3 Bh6+ 26. Ke2 Nc6 27. Kd3 Rb8 28. Rab1 a4 29. Rhd1 Rb3+ 30. Ke2 Na5 31. Rd3 Rb6 32. Nd2 Bxd2 33. Kxd2 Nc4+ 34. Kc1 f6 35. exf6 exf6 36. b3 Nxa3 37. Ra1 Nb5 38. bxa4 Nd6 39. a5 Rc6+ 40. Kd1 Ne4 41. Rb3 Nxf2+ 42. Ke2 Rc2+ 43. Ke1 1-0


[Site "https://www.chess.com"]

[Event "Titled Tuesday Blitz August 1 Early 2023"]
[White "GAO"]
[Black "Gorovets, Andrey"]
[BlackFideId "13504037"]
[WhiteElo "2432"]
[BlackElo "2768"]
[Result "0-1"]
[Round "1"]
[TimeControl "180+1"]
[Date "2023.08.01"]
[WhiteClock "0:01:14"]
[BlackClock "0:01:02"]
[Board "71"]

1. e4 c5 2. Nf3 Nc6 3. Bb5 Nf6 4. Qe2 e5 5. O-O Bd6 6. c3 a6 7. Bc4 O-O 8. a3 b5 9. Ba2 Bb7 10. d3 Ne7 11. Bg5 Ng6 12. h3 h6 13. Be3 Qe7 14. Nbd2 Nh5 15. g3 Kh8 16. Nh2 Nhf4 17. gxf4 exf4 18. Qg4 fxe3 19. fxe3 Ne5 20. Qe2 c4 21. dxc4 f5 22. Bb1 bxc4 23. Nhf3 fxe4 24. Bxe4 Bxe4 25. Nxe5 Qxe5 0-1


[Site "https://www.chess.com"]

[Event "Titled Tuesday Blitz August 1 Early 2023"]
[White "Kushko, Dmitriy"]
[Black "Vivas Zamora, Fabian Ernesto"]
[WhiteFideId "14162261"]
[BlackFideId "3902480"]
[WhiteElo "2765"]
[BlackElo "2432"]
[Result "1-0"]
[Round "1"]
[TimeControl "180+1"]
[Date "2023.08.01"]
[WhiteClock "0:00:35"]
[BlackClock "0:00:00"]
[Board "72"]

1. Nf3 Nf6 2. g3 g6 3. Bg2 Bg7 4. d4 O-O 5. O-O d5 6. c4 c6 7. b3 dxc4 8. bxc4 c5 9. Bb2 Qb6 10. Qb3 Na6 11. Nbd2 Rd8 12. d5 Qxb3 13. axb3 Nb4 14. Bc3 e6 15. e4 exd5 16. cxd5 b6 17. Bxb4 cxb4 18. Rfe1 Bb7 19. Nc4 Nd7 20. Rad1 Nc5 21. Re3 Ba6 22. e5 Bxc4 23. bxc4 a5 24. d6 a4 25. Nd4 Rac8 26. Nc6 Re8 27. d7 1-0


[Site "https://www.chess.com"]

[Event "Titled Tuesday Blitz August 1 Early 2023"]
[White "Pershina, Elena"]
[Black "Tristan, Leonardo"]
[WhiteFideId "24147516"]
[BlackFideId "113816"]
[WhiteElo "2431"]
[BlackElo "2763"]
[Result "0-1"]
[Round "1"]
[TimeControl "180+1"]
[Date "2023.08.01"]
[WhiteClock "0:01:25"]
[BlackClock "0:02:14"]
[Board "73"]

1. c4 e6 2. g3 d5 3. Bg2 Nf6 4. Nf3 Be7 5. b3 O-O 6. Bb2 a5 7. O-O a4 8. d4 a3 9. Bc3 c6 10. Qc2 Ne4 11. Nbd2 Nxc3 12. Qxc3 Na6 13. e4 dxc4 14. Nxc4 c5 15. Rad1 cxd4 16. Nxd4 Qc7 17. Nb5 Qc5 18. Nbd6 Bxd6 19. Rxd6 b5 20. e5 Ra7 21. Rfd1 bxc4 22. Rd8 cxb3 23. Qxc5 Nxc5 24. Rxf8+ Kxf8 25. Rd8+ Ke7 26. Rxc8 bxa2 0-1


[Site "https://www.chess.com"]

[Event "Titled Tuesday Blitz August 1 Early 2023"]
[White "Kobo, Ori"]
[Black "Urbina Perez, Juan Antonio"]
[WhiteFideId "2812320"]
[BlackFideId "2217368"]
[WhiteElo "2760"]
[BlackElo "2431"]
[Result "1-0"]
[Round "1"]
[TimeControl "180+1"]
[Date "2023.08.01"]
[WhiteClock "0:00:03"]
[BlackClock "0:00:00"]
[Board "74"]

1. Nf3 d5 2. g3 Nd7 3. d4 Nb6 4. Nc3 Bf5 5. Nh4 Bd7 6. a4 a5 7. Bg2 Nf6 8. O-O e6 9. e4 dxe4 10. Nxe4 Nxe4 11. Bxe4 Rb8 12. c3 Be7 13. Ng2 O-O 14. Nf4 Bc6 15. Bxc6 bxc6 16. Nd3 Nd5 17. Qe2 Bd6 18. Rd1 Qe7 19. Ne5 Bxe5 20. dxe5 Rfd8 21. Ra2 Qc5 22. Bg5 Rdc8 23. Rd4 Rb3 24. Qh5 Qf8 25. Rg4 Kh8 26. Rh4 h6 27. Bc1 Kh7 28. Kg2 Rd8 29. Qf3 Ne7 30. Qe4+ Kg8 31. Rg4 Nf5 32. Qxc6 Qe7 33. Qc4 Rdb8 34. Ra1 Qd7 35. Qe2 Qd5+ 36. Kg1 Rd8 37. Be3 Nxe3 38. Qxe3 Qd2 39. Qc5 Rxb2 40. Rf4 Rdb8 41. Qxc7 Rb1+ 42. Rxb1 Rxb1+ 43. Kg2 Qd1 44. Qxf7+ Kh7 45. Qxe6 Qf1+ 46. Kf3 Qh1+ 47. Kg4 Qd1+ 48. Kh3 Qf1+ 49. Kg4 Rb7 50. Qf5+ Kg8 51. Qf8+ Kh7 52. Qf5+ Kg8 53. Qe4 Qd1+ 54. f3 Re7 55. e6 Qd6 56. Qd4 Qxe6+ 57. Rf5 Qg6+ 58. Kf4 Rf7 59. Qd5 Qg5+ 60. Ke4 1-0


[Site "https://www.chess.com"]

[Event "Titled Tuesday Blitz August 1 Early 2023"]
[White "Pandey Srishti"]
[Black "Cherniaiev, Tykhon"]
[WhiteFideId "35093290"]
[BlackFideId "14182360"]
[WhiteElo "2430"]
[BlackElo "2759"]
[Result "0-1"]
[Round "1"]
[TimeControl "180+1"]
[Date "2023.08.01"]
[WhiteClock "0:00:16"]
[BlackClock "0:00:15"]
[Board "75"]

1. e4 e5 2. Nf3 Nc6 3. Bc4 Bc5 4. c3 Nf6 5. d4 exd4 6. e5 d5 7. Bb5 Ne4 8. cxd4 Bb6 9. O-O O-O 10. Nc3 f6 11. Bxc6 bxc6 12. exf6 Nxf6 13. Ne5 Bb7 14. Be3 Qd6 15. Rc1 Rae8 16. Qd3 Nd7 17. f4 Nf6 18. a3 a5 19. Kh1 Qe6 20. Bg1 Qd6 21. Qh3 Bc8 22. Qd3 Bb7 23. Qh3 Ne4 24. Nxe4 dxe4 25. Qe3 Qd5 26. Rfe1 Rd8 27. Rcd1 Rf6 28. h3 Rdf8 29. Bh2 Rd8 30. Bg1 Re6 31. b3 Red6 32. a4 Re6 33. Nc4 Ba7 34. Rd2 Rf6 35. Red1 Rdf8 36. Bh2 Bc8 37. Ne5 Be6 38. Rb1 Rb8 39. Rdb2 Bxd4 40. Qe2 Bxb2 41. Rxb2 Rxb3 42. Rd2 Rb1+ 43. Bg1 Qc5 44. Rd8+ Rf8 45. Rxf8+ Kxf8 0-1


[Site "https://www.chess.com"]

[Event "Titled Tuesday Blitz August 1 Early 2023"]
[White "Aradhya, Garg"]
[Black "WindWhistler11"]
[WhiteFideId "25006746"]
[WhiteElo "2758"]
[BlackElo "2430"]
[Result "1-0"]
[Round "1"]
[TimeControl "180+1"]
[Date "2023.08.01"]
[WhiteClock "0:00:09"]
[BlackClock "0:00:07"]
[Board "76"]

1. d4 Nf6 2. c4 e6 3. Nf3 c5 4. d5 exd5 5. cxd5 Bd6 6. Nc3 O-O 7. Bg5 Re8 8. e3 Bf8 9. d6 Re6 10. Bc4 Rxd6 11. Qb3 Rb6 12. Bxf7+ Kh8 13. Qc2 Nc6 14. O-O Nb4 15. Qd2 d5 16. a3 Qc7 17. axb4 Qxf7 18. bxc5 Bxc5 19. Bxf6 Rxf6 20. Qxd5 Qe7 21. Ne4 Rf5 22. Qd3 Bb4 23. Rad1 Be6 24. Neg5 Rxg5 25. Nxg5 Qxg5 26. Qe4 Qe7 27. Rc1 Bd6 28. Rfd1 Re8 29. h3 Bb8 30. Rd4 Qf7 31. Rcd1 Rf8 32. f4 Bf5 33. Qf3 Bc7 34. Qxb7 h5 35. Qf3 Bb6 36. Rd5 Qg6 37. Kh2 Re8 38. Re5 Rxe5 39. fxe5 Be4 40. Qg3 Bxe3 41. Qxg6 Bxg6 42. e6 Bg5 43. Ra1 Bf5 44. Rxa7 Bxe6 45. Ra5 Bf4+ 46. g3 Bc1 47. Rxh5+ Kg8 48. Rb5 Kf7 49. Rb7+ Kf6 50. h4 Be3 51. Rb5 g6 52. Kg2 Bd4 53. Kf3 Bc4 54. Rb4 Bd5+ 55. Ke2 Be5 56. g4 Be6 57. Rb6 Ke7 58. g5 Bg3 59. Rb4 Bf5 60. Kf3 Bd6 61. Rb7+ Ke6 62. Rb6 Kd5 63. Rb5+ Kc4 64. Rb7 Be6 65. Ke2 Kd4 66. h5 Bg4+ 67. Kd2 Bxh5 68. Kc2 Bf4 69. Rb5 Ke4 70. b4 Bg4 71. Rc5 Bf5 72. Kc3 Bxg5 73. b5 Bf6+ 74. Kb3 Bd4 75. Rc7 g5 76. b6 Be5 77. Re7 Kd5 78. Rxe5+ Kxe5 79. b7 g4 80. b8=Q+ Ke4 81. Qg3 Kd5 82. Kc3 Ke6 83. Kd2 Kf6 84. Ke3 Kg6 85. Kf4 Be6 86. Qh4 Kf7 87. Ke5 Ke8 88. Kxe6 1-0


[Site "https://www.chess.com"]

[Event "Titled Tuesday Blitz August 1 Early 2023"]
[White "Manukian, Artak"]
[Black "djokovic74"]
[WhiteFideId "13301373"]
[WhiteElo "2428"]
[BlackElo "2758"]
[Result "0-1"]
[Round "1"]
[TimeControl "180+1"]
[Date "2023.08.01"]
[WhiteClock "0:00:00"]
[BlackClock "0:00:11"]
[Board "77"]

1. e4 e6 2. d4 d5 3. e5 c5 4. c3 Nc6 5. Nf3 Bd7 6. a3 Rc8 7. b4 cxd4 8. cxd4 Nge7 9. Bb2 Nf5 10. Bd3 Be7 11. Bxf5 exf5 12. Nc3 Be6 13. Na4 b6 14. O-O O-O 15. Rc1 Qd7 16. Nc3 h6 17. h4 Qd8 18. g3 f4 19. Ne2 fxg3 20. fxg3 f6 21. Nf4 Bf5 22. Qb3 Be4 23. Rce1 Kh8 24. Ne6 Qd7 25. Nxf8 Qh3 26. Qe3 Qxg3+ 27. Kh1 Rxf8 28. Qf2 Qh3+ 29. Kg1 fxe5 30. Qg2 Qxg2+ 31. Kxg2 Nxd4 32. Bxd4 exd4 33. Kg3 Bd6+ 34. Kh3 Rxf3+ 35. Rxf3 Bxf3 36. Re6 Bf4 37. Re8+ Kh7 38. Rf8 g5 39. hxg5 hxg5 40. b5 d3 0-1


[Site "https://www.chess.com"]

[Event "Titled Tuesday Blitz August 1 Early 2023"]
[White "Fantastic_Power"]
[Black "Gatterer, Florian"]
[BlackFideId "811688"]
[WhiteElo "2756"]
[BlackElo "2428"]
[Result "1/2-1/2"]
[Round "1"]
[TimeControl "180+1"]
[Date "2023.08.01"]
[WhiteClock "0:00:33"]
[BlackClock "0:00:54"]
[Board "78"]

1. e4 c5 2. d4 cxd4 3. Nf3 e6 4. Nxd4 Nf6 5. Nc3 Nc6 6. Ndb5 Bb4 7. a3 Bxc3+ 8. Nxc3 d5 9. exd5 exd5 10. Bd3 O-O 11. O-O Bg4 12. Ne2 Bxe2 13. Bxe2 Qb6 14. b4 Qd4 15. Qxd4 Nxd4 16. Bd3 Rac8 17. Bb2 Ne6 18. g3 Ne4 19. Rfe1 Nd2 20. Kg2 Nc4 21. Be5 Rfe8 22. Bf5 Nxe5 23. Rxe5 g6 24. Bd3 Red8 25. a4 Kf8 26. a5 Nd4 27. Ra2 Nc6 28. Re3 Nxb4 29. Rb2 Nxd3 30. Rxd3 b6 31. axb6 axb6 32. Rxb6 Rxc2 33. Rb5 d4 34. Rb4 Rc3 35. Rdxd4 Rxd4 36. Rxd4 1/2-1/2


[Site "https://www.chess.com"]

[Event "Titled Tuesday Blitz August 1 Early 2023"]
[White "Sliwicki, Damian"]
[Black "Starozhilov, Leonid"]
[WhiteFideId "1127128"]
[BlackFideId "14106752"]
[WhiteElo "2428"]
[BlackElo "2756"]
[Result "0-1"]
[Round "1"]
[TimeControl "180+1"]
[Date "2023.08.01"]
[WhiteClock "0:00:14"]
[BlackClock "0:00:46"]
[Board "79"]

1. e4 g6 2. d4 Bg7 3. Nc3 d6 4. Nf3 Nf6 5. Bg5 O-O 6. Qd2 Bg4 7. Bh6 Bxf3 8. gxf3 e5 9. Bxg7 Kxg7 10. O-O-O Nc6 11. d5 Nd4 12. f4 Nh5 13. f5 Qh4 14. Kb1 c6 15. Bd3 Nf4 16. Rhg1 Nf3 17. Qe3 Nxg1 18. Rxg1 Rac8 19. dxc6 bxc6 20. fxg6 hxg6 21. Qxa7 Qxh2 22. f3 Rb8 23. Rd1 Qg3 24. Qe3 Rh8 25. Bc4 Rbd8 26. a4 Qg5 27. a5 Qe7 28. a6 Rb8 29. Ne2 Nxe2 30. Qxe2 Rb6 31. Qe3 Rb4 32. Qc3 Rhb8 33. b3 Qa7 34. Rxd6 Qc5 35. Rd7 Rxc4 36. a7 Rxc3 37. axb8=Q Rxc2 38. Rd1 Qc3 39. Qxe5+ Qxe5 40. Kxc2 Qc5+ 41. Kb2 Qf2+ 42. Kc3 Qxf3+ 43. Kd4 Qxd1+ 44. Kc5 Qxb3 45. Kxc6 Qe6+ 46. Kc5 Qxe4 47. Kd6 f5 48. Kd7 g5 49. Kd8 f4 50. Kd7 g4 51. Kd8 g3 52. Kd7 f3 53. Kd8 f2 54. Kd7 g2 55. Kd8 0-1


[Site "https://www.chess.com"]

[Event "Titled Tuesday Blitz August 1 Early 2023"]
[White "Stribuk, Artiom"]
[Black "Stachanczyk, Jacek"]
[WhiteFideId "13515659"]
[BlackFideId "1116657"]
[WhiteElo "2756"]
[BlackElo "2427"]
[Result "1-0"]
[Round "1"]
[TimeControl "180+1"]
[Date "2023.08.01"]
[WhiteClock "0:01:10"]
[BlackClock "0:00:32"]
[Board "80"]

1. d4 Nf6 2. c4 g6 3. g3 c6 4. Bg2 d5 5. Qb3 dxc4 6. Qxc4 Bg7 7. Nf3 O-O 8. O-O Be6 9. Qa4 Nbd7 10. Nc3 a6 11. Rd1 b5 12. Qc2 Qb6 13. h3 h6 14. e4 Rac8 15. Be3 b4 16. Na4 Qa5 17. b3 Kh7 18. Rac1 Rfe8 19. Nd2 Qh5 20. g4 Qh4 21. Nf3 1-0


[Site "https://www.chess.com"]

[Event "Titled Tuesday Blitz August 1 Early 2023"]
[White "Cheer_Down"]
[Black "Volovich, Vasily"]
[BlackFideId "34169676"]
[WhiteElo "2424"]
[BlackElo "2751"]
[Result "0-1"]
[Round "1"]
[TimeControl "180+1"]
[Date "2023.08.01"]
[WhiteClock "0:00:11"]
[BlackClock "0:00:22"]
[Board "81"]

1. e4 e6 2. d4 d5 3. Nc3 Bb4 4. e5 Ne7 5. a3 Bxc3+ 6. bxc3 c5 7. h4 Qc7 8. h5 h6 9. Rb1 b6 10. Qg4 Nf5 11. Bb5+ Bd7 12. Bd3 cxd4 13. Bxf5 Qxe5+ 14. Ne2 exf5 15. Qxd4 Nc6 16. Qxe5+ Nxe5 17. Nf4 Be6 18. Be3 Kd7 19. Bd4 Kd6 20. f3 Rhg8 21. Kf2 Nc6 22. Rhe1 Nxd4 23. cxd4 Rac8 24. Re2 Rc4 25. Rb4 Rgc8 26. Nd3 Rxc2 27. a4 f6 28. a5 Rxe2+ 29. Kxe2 bxa5 30. Rb5 Rc2+ 31. Ke3 a4 32. Ra5 Bd7 33. Nc5 Rxg2 34. Ra6+ Bc6 35. Nd3 Rc2 36. Rxa7 Bb5 37. Nf4 Rc3+ 38. Kf2 a3 39. Ra5 Bc4 40. Ra6+ Kd7 41. Ra7+ Kc6 42. Ng6 a2 43. Ne7+ Kb5 44. Nxf5 Rc1 45. Nd6+ 0-1


[Site "https://www.chess.com"]

[Event "Titled Tuesday Blitz August 1 Early 2023"]
[White "Mikhailovsky, Vladimir"]
[Black "Rozhkov, Viacheslav"]
[WhiteFideId "34105414"]
[BlackFideId "4181484"]
[WhiteElo "2751"]
[BlackElo "2424"]
[Result "1-0"]
[Round "1"]
[TimeControl "180+1"]
[Date "2023.08.01"]
[WhiteClock "0:02:34"]
[BlackClock "0:02:24"]
[Board "82"]

1. e4 c5 2. Nf3 Nc6 3. b4 cxb4 4. d4 d5 5. exd5 Qxd5 6. c4 bxc3 7. Nxc3 Qa5 8. d5 e6 9. dxc6 Qxc3+ 10. Bd2 Qxc6 11. Ne5 Qd5 12. Qa4+ Bd7 13. Nxd7 1-0


[Site "https://www.chess.com"]

[Event "Titled Tuesday Blitz August 1 Early 2023"]
[White "Titichoca Daza, Daniel"]
[Black "Xu, Yi"]
[WhiteFideId "3309550"]
[BlackFideId "8605564"]
[WhiteElo "2423"]
[BlackElo "2750"]
[Result "0-1"]
[Round "1"]
[TimeControl "180+1"]
[Date "2023.08.01"]
[WhiteClock "0:00:09"]
[BlackClock "0:00:14"]
[Board "83"]

1. e4 c5 2. Nf3 d6 3. d4 cxd4 4. Nxd4 Nf6 5. Nc3 a6 6. Nb3 g6 7. Be2 Bg7 8. O-O O-O 9. Re1 b5 10. a4 b4 11. Nd5 a5 12. Be3 Nbd7 13. Bb5 Bb7 14. Bd4 e6 15. Nxf6+ Nxf6 16. e5 dxe5 17. Bc5 Qxd1 18. Raxd1 Rfc8 19. Bb6 Rxc2 20. Nxa5 Bd5 21. b3 Ne4 22. Nc4 Nc3 23. Ra1 e4 24. Bd7 Ne2+ 25. Rxe2 Rxe2 26. Rd1 Bxc4 27. bxc4 b3 28. a5 b2 29. Bc6 Rc2 30. Be3 Rxa5 31. h4 Ra1 32. Bxe4 Rxd1+ 33. Kh2 0-1


[Site "https://www.chess.com"]

[Event "Titled Tuesday Blitz August 1 Early 2023"]
[White "carokannlover213"]
[Black "Swicarz, Maciej"]
[BlackFideId "1113585"]
[WhiteElo "2750"]
[BlackElo "2421"]
[Result "1/2-1/2"]
[Round "1"]
[TimeControl "180+1"]
[Date "2023.08.01"]
[WhiteClock "0:00:14"]
[BlackClock "0:00:18"]
[Board "84"]

1. c4 Nf6 2. Nf3 e6 3. Nc3 d5 4. e3 c6 5. b3 Bd6 6. Bb2 O-O 7. Be2 Re8 8. O-O Nbd7 9. d4 Nf8 10. Qc2 Ng6 11. Rfe1 Bd7 12. Bf1 Rc8 13. e4 dxe4 14. Nxe4 Nxe4 15. Qxe4 Qf6 16. Rad1 Qf4 17. Qxf4 Bxf4 18. Ne5 Rcd8 19. g3 Bg5 20. f4 Nxe5 21. dxe5 Be7 22. Bd4 c5 23. Be3 Bc6 24. Bg2 Bxg2 25. Kxg2 b6 26. Kf3 Rxd1 27. Rxd1 Rd8 28. Rg1 h5 29. h3 g6 30. Ke4 Kf8 31. Rb1 Rd7 32. a3 Rd8 33. b4 cxb4 34. axb4 Ke8 35. c5 bxc5 36. bxc5 Rc8 37. Ra1 Rc7 38. Ra5 Kd7 39. Kd3 Kc8 40. Kc4 Kb7 41. Rb5+ Kc8 42. Ra5 Kb7 43. g4 hxg4 44. hxg4 Rd7 45. Ra1 Rd5 46. c6+ Kxc6 47. Ra6+ Kd7 48. Rxa7+ Ke8 49. Ra8+ Rd8 50. Ra1 Rd5 51. Rh1 g5 52. Rh8+ Kd7 53. Rh7 gxf4 54. Bxf4 Ke8 55. Rh8+ Kd7 56. g5 Rd1 57. Rh7 Ke8 58. Rh8+ Kd7 59. Rh7 Ke8 60. Rh8+ Kd7 1/2-1/2


[Site "https://www.chess.com"]

[Event "Titled Tuesday Blitz August 1 Early 2023"]
[White "KorolDimitriy75"]
[Black "Csonka, Balazs"]
[BlackFideId "742910"]
[WhiteElo "2420"]
[BlackElo "2745"]
[Result "1-0"]
[Round "1"]
[TimeControl "180+1"]
[Date "2023.08.01"]
[WhiteClock "0:00:06"]
[BlackClock "0:00:06"]
[Board "85"]

1. d4 Nf6 2. c4 g6 3. Nc3 d5 4. cxd5 Nxd5 5. e4 Nxc3 6. bxc3 Bg7 7. Nf3 c5 8. Rb1 O-O 9. Be2 Nc6 10. d5 Ne5 11. Nxe5 Bxe5 12. Qd2 e6 13. f4 Bg7 14. c4 b6 15. O-O Bd4+ 16. Kh1 f5 17. Bf3 fxe4 18. Bxe4 Bb7 19. Bb2 exd5 20. Bf3 Qf6 21. Bxd4 Qxd4 22. Qxd4 cxd4 23. Rbd1 Rac8 24. Rxd4 Rfd8 25. Rfd1 Kf7 26. cxd5 Rd6 27. Bg4 Rc5 28. Be6+ Kf6 29. Kg1 b5 30. R1d2 a5 31. Kf2 b4 32. g4 h6 33. h4 g5 34. hxg5+ hxg5 35. Ke3 Ba6 36. Ke4 Rc3 37. fxg5+ Kxg5 38. Ke5 Rd8 39. Re4 Bc4 40. Rh2 Rxd5+ 41. Bxd5 Bxd5 42. Kxd5 b3 43. axb3 Rxb3 44. Rh5+ Kg6 45. Rhe5 Rb5+ 46. Kd4 Rb4+ 47. Ke3 Rb3+ 48. Kf4 a4 49. Rxa4 Rb6 50. Rae4 Rb3 51. Re6+ Kf7 52. R6e5 Kf6 53. Rf5+ Kg6 54. Re6+ Kg7 55. Kg5 Rb7 56. Rg6+ Kh7 57. Rgf6 Kg7 58. Kh5 Ra7 59. Rf7+ Rxf7 60. Rxf7+ Kxf7 61. Kh6 Kf6 62. g5+ Kf7 63. Kh7 1-0


[Site "https://www.chess.com"]

[Event "Titled Tuesday Blitz August 1 Early 2023"]
[White "Vakhlamov, Igor L."]
[Black "KrokerGuy"]
[WhiteFideId "24126748"]
[WhiteElo "2743"]
[BlackElo "2419"]
[Result "1/2-1/2"]
[Round "1"]
[TimeControl "180+1"]
[Date "2023.08.01"]
[WhiteClock "0:00:18"]
[BlackClock "0:00:15"]
[Board "86"]

1. e4 e5 2. Nf3 Nc6 3. Nc3 Nf6 4. Bb5 Bb4 5. Nd5 Nxd5 6. exd5 Nd4 7. Nxd4 exd4 8. a3 Be7 9. O-O O-O 10. Bd3 d6 11. Re1 Bf6 12. b4 a5 13. Bb2 c5 14. dxc6 bxc6 15. Qf3 Bb7 16. Qe4 g6 17. Bxd4 d5 18. Bxf6 Qxf6 19. Qe7 Qxe7 20. Rxe7 Ba6 21. Bxa6 Rxa6 22. Rc1 axb4 23. axb4 Rb8 24. c3 Ra2 25. d4 Rba8 26. g3 Rd2 27. Rc7 Raa2 28. Rf1 Ra6 29. Re1 Raa2 30. Rf1 Ra6 31. Re7 Rc2 32. Re3 Ra3 33. Rb1 Raxc3 34. Rxc3 Rxc3 35. b5 cxb5 36. Rxb5 Kg7 37. Rxd5 Kf6 38. Kg2 h5 39. h4 Ke6 40. Re5+ Kd6 41. Re4 Rd3 42. Kf1 Kd5 43. Rf4 f5 44. Ke2 Rxd4 45. Rf3 Ra4 46. Rb3 Ra6 47. Re3 Ra2+ 48. Kf3 Ra4 49. Re7 Rb4 50. Rg7 Rg4 51. Re7 Kd6 52. Re8 Kd5 53. Kg2 Re4 54. Rg8 Re6 55. Kf3 Ke5 56. Rf8 Rf6 57. Re8+ Re6 58. Rxe6+ Kxe6 59. Kf4 Kf6 60. f3 Kf7 61. Kg5 Kg7 62. f4 Kf7 63. Kh6 Kf6 64. Kh7 Kf7 65. Kh8 Kf8 66. Kh7 Kf7 67. Kh6 Kf6 68. Kh7 Kf7 1/2-1/2


[Site "https://www.chess.com"]

[Event "Titled Tuesday Blitz August 1 Early 2023"]
[White "Ionescu, Mihai"]
[Black "Matinian, Nikita"]
[WhiteFideId "1202499"]
[BlackFideId "24129100"]
[WhiteElo "2419"]
[BlackElo "2739"]
[Result "0-1"]
[Round "1"]
[TimeControl "180+1"]
[Date "2023.08.01"]
[WhiteClock "0:00:00"]
[BlackClock "0:01:25"]
[Board "87"]

1. Nf3 Nf6 2. c4 g6 3. b3 Bg7 4. Bb2 O-O 5. g3 d6 6. Bg2 e5 7. d4 e4 8. Nfd2 e3 9. fxe3 Ng4 10. Nf1 Qe7 11. e4 c5 12. h3 Nf6 13. Nfd2 Nc6 14. d5 Ne5 15. O-O Nh5 16. Nc3 Nxg3 17. Rf2 Qh4 18. Nf1 Bxh3 19. Bxh3 Qxh3 20. Rh2 Qxf1+ 21. Qxf1 Nxf1 22. Rxf1 Ng4 23. Rh4 Bd4+ 24. Kh1 Ne3 25. Rf3 Rae8 26. Na4 f5 27. Bxd4 cxd4 28. exf5 Nxf5 29. Rhf4 Rxe2 30. c5 d3 31. Rxd3 Ng3+ 32. Kg1 Rxf4 0-1


[Site "https://www.chess.com"]

[Event "Titled Tuesday Blitz August 1 Early 2023"]
[White "Javakhadze, Zurab"]
[Black "Kirillov, Dmitry"]
[WhiteFideId "13603647"]
[BlackFideId "34180572"]
[WhiteElo "2739"]
[BlackElo "2418"]
[Result "0-1"]
[Round "1"]
[TimeControl "180+1"]
[Date "2023.08.01"]
[WhiteClock "0:00:22"]
[BlackClock "0:01:31"]
[Board "88"]

1. Nf3 Nf6 2. c4 b6 3. Nc3 Bb7 4. d4 e6 5. a3 d5 6. cxd5 Nxd5 7. Qc2 Be7 8. e4 Nxc3 9. bxc3 c5 10. Bd3 Qc7 11. O-O cxd4 12. cxd4 Qxc2 13. Bxc2 O-O 14. Bf4 Nd7 15. a4 Nf6 16. Nd2 Rac8 17. Rfc1 Bb4 18. f3 Bc3 19. Rab1 Bxd4+ 20. Kf1 Ba6+ 21. Ke1 Nd7 22. Nb3 Bc3+ 23. Bd2 Bxd2+ 24. Kxd2 Rfd8 25. Ke3 Rc3+ 26. Kf2 Nc5 27. Nxc5 Rxc5 28. Bb3 Rd2+ 29. Ke3 Rd3+ 30. Kf4 Rxc1 0-1


[Site "https://www.chess.com"]

[Event "Titled Tuesday Blitz August 1 Early 2023"]
[White "Schlecht, Daniel, Dr."]
[Black "Jaracz, Pawel"]
[WhiteFideId "4623959"]
[BlackFideId "1102222"]
[WhiteElo "2418"]
[BlackElo "2737"]
[Result "1-0"]
[Round "1"]
[TimeControl "180+1"]
[Date "2023.08.01"]
[WhiteClock "0:00:31"]
[BlackClock "0:00:01"]
[Board "89"]

1. c4 e6 2. Nc3 d5 3. d4 Be7 4. Nf3 Nf6 5. Bf4 O-O 6. e3 Nbd7 7. c5 b6 8. b4 a5 9. a3 c6 10. Bd3 Nh5 11. O-O Nxf4 12. exf4 Ba6 13. g3 Qc8 14. Rb1 Bxd3 15. Qxd3 axb4 16. axb4 Qb7 17. Rfc1 Ra3 18. Qc2 Rfa8 19. Kg2 b5 20. h4 Bf6 21. h5 Qc7 22. Re1 h6 23. Ne5 Nf8 24. Qb2 Be7 25. Ra1 Rxa1 26. Rxa1 Rxa1 27. Qxa1 Bf6 28. Qa5 Bxe5 29. fxe5 Qc8 30. Qa7 f6 31. exf6 gxf6 32. Qe7 Nh7 33. Ne2 Ng5 34. Qxf6 Qf8 35. Qxf8+ Kxf8 36. Nf4 Kf7 37. Nd3 Ne4 38. Ne5+ Ke8 39. Nxc6 Nc3 40. Kf3 Kd7 41. Ne5+ Ke7 42. Ng4 Na2 43. Nxh6 Nxb4 44. Ng4 Nc6 45. Ke3 b4 46. Ne5 Na5 47. h6 Kf6 48. g4 b3 49. Kd3 Nb7 1-0


[Site "https://www.chess.com"]